Barracuda vs Checkers 1

Created - 11 février 2024 at 16:59

Goals
1 2 3 T
Barracuda 0 0 0 0
Checkers 1 0 1 0 1
Shots
1 2 3 T
Barracuda 0 3 3 6
Checkers 1 2 5 10 17

GoalsPenalties
1st period
No Goal
No Penalty
2nd period
1. Checkers 1 , Austin Poganski 18 (Karson Kuhlman 4) at 3:00
No Penalty
3rd period
No Goal
Kaiden Guhle (S J) for Hooking (Minor) at 2:15
Axel Andersson (FLO) for Hooking (Minor) at 17:14
Goalie Stats
Michael Houser (S J), 16 saves from 17 shots - (0,941), L, 26-41-9, 60:00 minutes
Kevin Poulin (FLO), 6 saves from 6 shots - (1,000), W, 22-15-5, 60:00 minutes
3 StarsOfficial
1 - Austin Poganski (FLO)
2 - Karson Kuhlman (FLO)
3 - Kevin Poulin (FLO)
Referees : Justin St. Pierre and Chris Rooney
Linesman : Erica Holmes and Travis Toomey
Game Note
No Game Note



Team Name Goals Shots Shots Attemp Shots Blocked PIM HIT PP PK FO%
Barracuda 06832120 / 1 (0%)046%
Checkers 1 117271290 / 1 (0%)054%

Barracuda
Player Name POS G A P +/- PIM HIT SHT SB MP PP MP PP SHT PK MP PK SHT FO% FOT GA TA
Butrus GhafariD0000000014:180:2800:2600% 000
Elmer SoderblomC/LW000002009:360:0000:0000% 000
Kaiden GuhleD0000210024:010:0000:0000% 000
Kirill TyutyayevLW000000001:350:0000:0000% 000
Max McCormickLW000-1001120:010:4100:5000% 000
Maxim MarushevC000-1000015:540:0000:00020% 500
Michael CallahanD0000010017:040:0000:3500% 000
Mike VecchioneC/RW0000000019:040:2600:44050% 401
Mitchell BalmasC0000000115:500:3700:00080% 510
Nikita PavlychevC/LW/RW0000020018:430:5500:1000% 101
Pontus AndreassonC/LW000-1020017:341:0400:00050% 400
Rudolfs BalcersLW/RW0000002122:111:1600:56050% 200
Ryan WagnerLW0000031019:200:5800:58043% 700
Tanner FritzC/LW/RW0000000014:440:0000:2000% 001
Tobie Paquette-BissonD0000000019:380:2800:5200% 000
Tommy ApapC000000003:340:0000:0000% 000
Tyler KlevenD000-1000021:111:3101:0700% 000
William LagessonD000-1012023:421:3110:5800% 000
Checkers 1
Player Name POS G A P +/- PIM HIT SHT SB MP PP MP PP SHT PK MP PK SHT FO% FOT GA TA
Alex GreenD0000000017:240:0000:0000% 010
Austin PoganskiRW1011003020:281:0101:060100% 300
Axel AnderssonD0000200017:100:0000:0000% 000
Bobby TrivignoLW0001011019:431:0301:030100% 100
Chase PriskieD0000000017:290:3600:0000% 010
Devante StephensD0000010018:150:2800:3600% 000
Givani SmithLW/RW0000021018:480:4300:3800% 000
Isaak PhillipsD000001002:090:0000:0000% 000
Jack FinleyC0000001016:020:5400:00050% 800
Karson KuhlmanRW0111022020:240:1000:00033% 1210
Luke HenmanC000000001:590:0000:0000% 000
Martin ChromiakRW0000001017:560:5800:4100% 100
Maxence GuenetteD0000001016:090:3610:5800% 000
Pavel DorofeyevC0000011015:050:0700:200100% 100
Pierre-Cedric LabrieLW0000001016:470:5400:1000% 000
Sean DayD0001011021:501:2301:0100% 001
Semyon Der-ArguchintsevC0000000016:050:0000:000100% 200
Tobias BjornfotD0001004124:171:0201:2300% 000

Barracuda

5 vs 5 Forward
Line #Left WingCenterRight WingPHYDFOFWanted %Time %Time Play
1Rudolfs BalcersRyan WagnerMax McCormick1224031%16:54
2Rudolfs BalcersMike VecchioneNikita Pavlychev1223033%18:06
3Ryan WagnerPontus AndreassonRudolfs Balcers1222016%8:51
4Max McCormickMaxim MarushevPontus Andreasson1221021%11:26
5 vs 5 Defense
Line #DefenseDefensePHYDFOFWanted %Time %Time Play
1Kaiden GuhleWilliam Lagesson1224028%15:15
2William LagessonTyler Kleven1223033%18:27
3Tobie Paquette-BissonKaiden Guhle1222020%10:55
4Michael CallahanKaiden Guhle1221019%10:40
Power Play Forward
Line #Left WingCenterRight WingPHYDFOFWanted %Time %Time Play
1Rudolfs BalcersRyan WagnerPontus Andreasson1226054%1:04
2Rudolfs BalcersRyan WagnerNikita Pavlychev1224046%0:55
Power Play Defense
Line #DefenseDefensePHYDFOFWanted %Time %Time Play
1William LagessonTyler Kleven12260100%1:59
2William LagessonTyler Kleven122400%0:00
Penalty Kill 4 Players Forward
Line #CenterWingPHYDFOFWanted %Time %Time Play
1Rudolfs BalcersRyan Wagner12260100%1:59
2Ryan WagnerRudolfs Balcers122400%0:00
Penalty Kill 4 Players Defense
Line #DefenseDefensePHYDFOFWanted %Time %Time Play
1Tyler KlevenWilliam Lagesson12260100%1:59
2William LagessonTyler Kleven122400%0:00
Penalty Kill 3 Players
Line #WingPHYDFOFWanted %Time %Time PlayDefenseDefensePHYDFOFWanted %Time %Time Play
1Rudolfs Balcers122600%0:00 Tyler KlevenWilliam Lagesson122600%0:00
2Rudolfs Balcers122400%0:00 William LagessonTyler Kleven122400%0:00
4 vs 4 Forward
Line #CenterWingPHYDFOFWanted %Time %Time Play
1Ryan WagnerRudolfs Balcers122600%0:00
2Ryan WagnerRudolfs Balcers122400%0:00
4 vs 4 Defense
Line #DefensePHYDFOFWanted %Time %Time Play
1William LagessonTyler Kleven122600%0:00
2William LagessonTyler Kleven122400%0:00
Last Minutes Offensive
Left WingCenterRight WingDefenseDefense
Rudolfs BalcersRyan WagnerMax McCormickKaiden GuhleWilliam Lagesson
Last Minutes Defensive
Left WingCenterRight WingDefenseDefense
Rudolfs BalcersRyan WagnerMax McCormickKaiden GuhleWilliam Lagesson
Time
Total ForwardTotal DefenseLast Minutes OffensiveLast Minutes Defensive
60:00 60:00 0:450:00
Extra Forwards
Normal PowerPlayPenalty Kill
Mitchell Balmas, Pontus Andreasson, Ryan WagnerMitchell Balmas, Pontus AndreassonRyan Wagner
Extra Defensemen
Normal PowerPlayPenalty Kill
Tobie Paquette-Bisson, William Lagesson, Michael CallahanTobie Paquette-Bisson, William LagessonMichael Callahan
Penalty Shots
Nikita Pavlychev, Pontus Andreasson, Max McCormick, Rudolfs Balcers, Ryan Wagner
Goalie
Michael Houser, Kaden Fulcher
Scratches
Alex Gallant (Healthy), Brandon Baddock (Healthy), Dylan Samberg (Right Hand Injury), Maxim Golod (Healthy), Tristan Mullin (Healthy) Gianni Fairbrother (Healthy), Morgan Adams-Moisan (Healthy), David Jiricek (Left Hip Injury), Jesper Vikman (Healthy)

Checkers 1

5 vs 5 Forward
Line #Left WingCenterRight WingPHYDFOFWanted %Time %Time Play
1Bobby TrivignoKarson KuhlmanAustin Poganski1224028%15:35
2Pierre-Cedric LabrieJack FinleyKarson Kuhlman1223030%16:55
3Givani SmithSemyon Der-ArguchintsevMartin Chromiak1222029%15:57
4Givani SmithPavel DorofeyevAustin Poganski1221013%7:04
5 vs 5 Defense
Line #DefenseDefensePHYDFOFWanted %Time %Time Play
1Tobias BjornfotSean Day1224029%16:04
2Tobias BjornfotMaxence Guenette1223028%15:31
3Chase PriskieDevante Stephens1222019%10:28
4Alex GreenAxel Andersson1221024%13:28
Power Play Forward
Line #Left WingCenterRight WingPHYDFOFWanted %Time %Time Play
1Bobby TrivignoMartin ChromiakAustin Poganski1046055%1:05
2Pierre-Cedric LabrieJack FinleyBobby Trivigno1224045%0:54
Power Play Defense
Line #DefenseDefensePHYDFOFWanted %Time %Time Play
1Tobias BjornfotSean Day1226070%1:23
2Tobias BjornfotMaxence Guenette1224030%0:36
Penalty Kill 4 Players Forward
Line #CenterWingPHYDFOFWanted %Time %Time Play
1Austin PoganskiBobby Trivigno12260100%1:59
2Bobby TrivignoPierre-Cedric Labrie122400%0:00
Penalty Kill 4 Players Defense
Line #DefenseDefensePHYDFOFWanted %Time %Time Play
1Tobias BjornfotSean Day1226051%1:01
2Tobias BjornfotMaxence Guenette1224049%0:58
Penalty Kill 3 Players
Line #WingPHYDFOFWanted %Time %Time PlayDefenseDefensePHYDFOFWanted %Time %Time Play
1Bobby Trivigno122600%0:00 Tobias BjornfotSean Day122600%0:00
2Bobby Trivigno122400%0:00 Tobias BjornfotMaxence Guenette122400%0:00
4 vs 4 Forward
Line #CenterWingPHYDFOFWanted %Time %Time Play
1Austin PoganskiBobby Trivigno122600%0:00
2Bobby TrivignoPierre-Cedric Labrie122400%0:00
4 vs 4 Defense
Line #DefensePHYDFOFWanted %Time %Time Play
1Tobias BjornfotSean Day122600%0:00
2Sean DayMaxence Guenette122400%0:00
Last Minutes Offensive
Left WingCenterRight WingDefenseDefense
Bobby TrivignoKarson KuhlmanAustin PoganskiTobias BjornfotSean Day
Last Minutes Defensive
Left WingCenterRight WingDefenseDefense
Bobby TrivignoKarson KuhlmanAustin PoganskiTobias BjornfotSean Day
Time
Total ForwardTotal DefenseLast Minutes OffensiveLast Minutes Defensive
60:00 60:00 0:000:31
Extra Forwards
Normal PowerPlayPenalty Kill
Martin Chromiak, Bobby Trivigno, Pavel DorofeyevMartin Chromiak, Bobby TrivignoMartin Chromiak
Extra Defensemen
Normal PowerPlayPenalty Kill
Devante Stephens, Alex Green, Axel AnderssonDevante Stephens, Devante StephensAlex Green
Penalty Shots
Karson Kuhlman, Austin Poganski, Bobby Trivigno, Semyon Der-Arguchintsev, Martin Chromiak
Goalie
Kevin Poulin, Nolan Maier
Scratches
Mitchell Stephens (Healthy), Mason Millman (Healthy), Andrei Bakanov (Healthy), Dmitry Ovchinnikov (Healthy), Mikael Pyyhtia (Healthy) Ryan Bednard (Healthy), Tommy Nappier (Healthy)


Play-by-Play

1st period


0:01 of 1st period - Ryan Wagner wins face-off versus Karson Kuhlman in neutral zone.
0:15 of 1st period - Slapshot by Tobias Bjornfot.
0:15 of 1st period - Deflect By Kaiden Guhle.
0:15 of 1st period - Stopped by Michael Houser without a rebound.
0:16 of 1st period - Mike Vecchione wins face-off versus Jack Finley in Barracuda zone.
0:16 of 1st period - Mike Vecchione is hit by Karson Kuhlman.
0:30 of 1st period - Snap shot by Jack Finley.
0:30 of 1st period - Stopped by Michael Houser without a rebound.
0:31 of 1st period - Semyon Der-Arguchintsev wins face-off versus Pontus Andreasson in Barracuda zone.
3:51 of 1st period - Austin Poganski is hit by Kaiden Guhle.
5:20 of 1st period - Pontus Andreasson is hit by Bobby Trivigno and loses puck.
9:13 of 1st period - Austin Poganski is hit by Ryan Wagner and loses puck.
15:11 of 1st period - Tobie Paquette-Bisson is hit by Isaak Phillips and loses puck.
17:14 of 1st period - Sean Day is hit by William Lagesson and loses puck.
17:57 of 1st period - Icing by Elmer Soderblom.
17:58 of 1st period - Pontus Andreasson wins face-off versus Jack Finley in Barracuda zone.
17:58 of 1st period - Pontus Andreasson is hit by Devante Stephens.
18:30 of 1st period - Kaiden Guhle is hit by Givani Smith and loses puck.
18:41 of 1st period - Austin Poganski is hit by Nikita Pavlychev and loses puck.
19:16 of 1st period - Bobby Trivigno is hit by Elmer Soderblom and loses puck.
Goals for this period are 0 for Barracuda vs 0 for Checkers 1.
Shots for this period are 0 for Barracuda vs 2 for Checkers 1.

2nd period


0:01 of 2nd period - Austin Poganski wins face-off versus Ryan Wagner in neutral zone.
0:13 of 2nd period - Wrist shot by Rudolfs Balcers.
0:13 of 2nd period - Stopped by Kevin Poulin with a rebound.
0:15 of 2nd period - Snap shot by Ryan Wagner.
0:15 of 2nd period - Stopped by Kevin Poulin without a rebound.
0:16 of 2nd period - Jack Finley wins face-off versus Ryan Wagner in Checkers 1 zone.
0:43 of 2nd period - Pavel Dorofeyev is hit by Pontus Andreasson and loses puck.
0:56 of 2nd period - Slapshot by Tobias Bjornfot.
0:56 of 2nd period - Stopped by Michael Houser without a rebound.
0:57 of 2nd period - Semyon Der-Arguchintsev wins face-off versus Mike Vecchione in Barracuda zone.
1:34 of 2nd period - Slapshot by Rudolfs Balcers.
1:34 of 2nd period - Shot Misses the Net.
2:14 of 2nd period - Wrist shot by Martin Chromiak.
2:14 of 2nd period - Stopped by Michael Houser with a rebound.
2:46 of 2nd period - Snap shot by Semyon Der-Arguchintsev.
2:46 of 2nd period - Shot Blocked by Rudolfs Balcers.
2:48 of 2nd period - Snap shot by Givani Smith.
2:48 of 2nd period - Stopped by Michael Houser without a rebound.
2:49 of 2nd period - Karson Kuhlman wins face-off versus Maxim Marushev in Barracuda zone.
2:52 of 2nd period - Snap shot by Austin Poganski.
2:52 of 2nd period - Stopped by Michael Houser with a rebound.
3:00 of 2nd period - Backhand shot by Austin Poganski.
3:00 of 2nd period - Goal by Austin Poganski - Barracuda : 0 - Checkers 1 : 1.
3:01 of 2nd period - Maxim Marushev wins face-off versus Karson Kuhlman in neutral zone.
3:08 of 2nd period - Wrist shot by Max McCormick.
3:08 of 2nd period - Stopped by Kevin Poulin without a rebound.
3:09 of 2nd period - Karson Kuhlman wins face-off versus Maxim Marushev in Checkers 1 zone.
3:14 of 2nd period - Snap shot by Sean Day.
3:14 of 2nd period - Shot Misses the Net.
11:14 of 2nd period - Rudolfs Balcers is hit by Karson Kuhlman and loses puck.
11:48 of 2nd period - Icing by Kaiden Guhle.
11:49 of 2nd period - Jack Finley wins face-off versus Maxim Marushev in Barracuda zone.
12:49 of 2nd period - Off-side.
12:50 of 2nd period - Pontus Andreasson wins face-off versus Jack Finley in neutral zone.
14:20 of 2nd period - Pavel Dorofeyev is hit by Ryan Wagner and loses puck.
18:13 of 2nd period - Nikita Pavlychev is hit by Pavel Dorofeyev.
18:28 of 2nd period - Tanner Fritz is hit by Givani Smith and loses puck.
Goals for this period are 0 for Barracuda vs 1 for Checkers 1.
Shots for this period are 3 for Barracuda vs 5 for Checkers 1.

3rd period


0:01 of 3rd period - Karson Kuhlman wins face-off versus Ryan Wagner in neutral zone.
0:04 of 3rd period - Snap shot by Sean Day.
0:04 of 3rd period - Shot Blocked by Max McCormick.
0:06 of 3rd period - Snap shot by Karson Kuhlman.
0:06 of 3rd period - Shot Misses the Net.
0:14 of 3rd period - Snap shot by Karson Kuhlman.
0:14 of 3rd period - Stopped by Michael Houser with a rebound.
0:16 of 3rd period - Slapshot by Austin Poganski.
0:16 of 3rd period - Stopped by Michael Houser without a rebound.
0:17 of 3rd period - Mike Vecchione wins face-off versus Jack Finley in Barracuda zone.
0:24 of 3rd period - Slapshot by William Lagesson.
0:24 of 3rd period - Stopped by Kevin Poulin without a rebound.
0:25 of 3rd period - Jack Finley wins face-off versus Nikita Pavlychev in Checkers 1 zone.
0:30 of 3rd period - Snap shot by Karson Kuhlman.
0:30 of 3rd period - Stopped by Michael Houser without a rebound.
0:31 of 3rd period - Ryan Wagner wins face-off versus Karson Kuhlman in Barracuda zone.
0:31 of 3rd period - Ryan Wagner is hit by Sean Day.
0:46 of 3rd period - Slapshot by Bobby Trivigno.
0:46 of 3rd period - Deflect By Rudolfs Balcers.
0:46 of 3rd period - Shot Misses the Net.
0:46 of 3rd period - Puck is out of play.
0:47 of 3rd period - Karson Kuhlman wins face-off versus Pontus Andreasson in Barracuda zone.
1:04 of 3rd period - Icing by Kaiden Guhle.
1:05 of 3rd period - Jack Finley wins face-off versus Rudolfs Balcers in Barracuda zone.
1:06 of 3rd period - Snap shot by Karson Kuhlman.
1:06 of 3rd period - Deflect By Pierre-Cedric Labrie.
1:06 of 3rd period - Stopped by Michael Houser with a rebound.
1:14 of 3rd period - Wrist shot by Pontus Andreasson.
1:14 of 3rd period - Shot Blocked by Tobias Bjornfot.
1:18 of 3rd period - Snap shot by Rudolfs Balcers.
1:18 of 3rd period - Stopped by Kevin Poulin without a rebound.
1:19 of 3rd period - Bobby Trivigno wins face-off versus Mike Vecchione in Checkers 1 zone.
1:28 of 3rd period - Backhand shot by Karson Kuhlman.
1:28 of 3rd period - Shot Misses the Net.
1:30 of 3rd period - Slapshot by Sean Day.
1:30 of 3rd period - Stopped by Michael Houser without a rebound.
1:31 of 3rd period - Ryan Wagner wins face-off versus Karson Kuhlman in Barracuda zone.
2:07 of 3rd period - Snap shot by Givani Smith.
2:07 of 3rd period - Shot Misses the Net.
2:15 of 3rd period - Minor Penalty to Kaiden Guhle for Hooking.
2:16 of 3rd period - Rudolfs Balcers wins face-off versus Martin Chromiak in Barracuda zone.
2:48 of 3rd period - Slapshot by Maxence Guenette.
2:48 of 3rd period - Stopped by Michael Houser with a rebound.
4:15 of 3rd period - Penalty to Kaiden Guhle is over, Kaiden Guhle is back on ice.
7:29 of 3rd period - Icing by William Lagesson.
7:30 of 3rd period - Pavel Dorofeyev wins face-off versus Maxim Marushev in Barracuda zone.
8:07 of 3rd period - Alex Green is hit by Nikita Pavlychev and loses puck.
14:41 of 3rd period - Givani Smith is hit by Michael Callahan and loses puck.
15:31 of 3rd period - Axel Andersson is hit by Elmer Soderblom and loses puck.
17:14 of 3rd period - Minor Penalty to Axel Andersson for Hooking.
17:15 of 3rd period - Austin Poganski wins face-off versus Ryan Wagner in Checkers 1 zone.
17:49 of 3rd period - Slapshot by William Lagesson.
17:49 of 3rd period - Stopped by Kevin Poulin without a rebound.
17:50 of 3rd period - Austin Poganski wins face-off versus Mitchell Balmas in Checkers 1 zone.
18:01 of 3rd period - Tobias Bjornfot is hit by Pontus Andreasson and loses puck.
18:28 of 3rd period - Devante Stephens is hit by Ryan Wagner and loses puck.
19:14 of 3rd period - Penalty to Axel Andersson is over, Axel Andersson is back on ice.
19:20 of 3rd period - Slapshot by Pavel Dorofeyev.
19:20 of 3rd period - Shot Misses the Net.
19:22 of 3rd period - Wrist shot by Axel Andersson.
19:22 of 3rd period - Shot Blocked by Mitchell Balmas.
19:24 of 3rd period - Slapshot by Tobias Bjornfot.
19:24 of 3rd period - Stopped by Michael Houser with a rebound.
19:26 of 3rd period - Snap shot by Pavel Dorofeyev.
19:26 of 3rd period - Stopped by Michael Houser with a rebound.
19:28 of 3rd period - Slapshot by Tobias Bjornfot.
19:28 of 3rd period - Stopped by Michael Houser without a rebound.
19:29 of 3rd period - Charlie Huddy call a timeout for Barracuda.
19:29 of 3rd period - Mitchell Balmas wins face-off versus Karson Kuhlman in Barracuda zone.
19:36 of 3rd period - Wrist shot by Karson Kuhlman.
19:36 of 3rd period - Deflect By Bobby Trivigno.
19:36 of 3rd period - Shot Misses the Net.
19:36 of 3rd period - Puck is out of play.
19:37 of 3rd period - Mitchell Balmas wins face-off versus Karson Kuhlman in Barracuda zone.
19:46 of 3rd period - Snap shot by Bobby Trivigno.
19:46 of 3rd period - Stopped by Michael Houser without a rebound.
19:47 of 3rd period - Mitchell Balmas wins face-off versus Karson Kuhlman in Barracuda zone.
19:58 of 3rd period - Off-side.
19:59 of 3rd period - Mitchell Balmas wins face-off versus Karson Kuhlman in neutral zone.
Goals for this period are 0 for Barracuda vs 0 for Checkers 1.
Shots for this period are 3 for Barracuda vs 10 for Checkers 1.